 Dungeon Crawl Stone Soup version 0.21.1-1-g345015f (webtiles) character file.

2292 inc the Cruncher (level 9, -7/91 HPs)
             Began as an Octopode Wizard on Apr 29, 2018.
             Was an Initiate of Gozag.
             Mangled by a yak (17 damage)
             ... on level 8 of the Dungeon.
             The game lasted 00:24:39 (10320 turns).

inc the Cruncher (Octopode Wizard)                 Turns: 10320, Time: 00:24:40

Health: -7/91      AC:  1    Str: 15    XL:     9   Next: 40%
Magic:  21/22      EV: 13    Int: 23    God:    Gozag
Gold:   758        SH:  0    Dex: 13    Spells: 9/14 levels left

rFire    . . .     SeeInvis .   r - +3 quarterstaff (chaos)
rCold    + . .     Gourm    .   (shield currently unavailable)
rNeg     . . .     Faith    .   a - +0 hat
rPois    .         Spirit   .   f - amulet of magic regeneration
rElec    .         Reflect  .   E - +3 ring of strength
rCorr    .         Harm     .   J - ring of Syxunk {rC+ MR+ MP+9 Dex+3}
MR       +....                  (no ring)
Stlth    ..........             (no ring)
HPRegen  0.25/turn              (no ring)
MPRegen  0.43/turn              (no ring)
                                (no ring)
                                (no ring)

@: berserking, very slightly contaminated, invisible, very quick
A: almost no armour, stealthy swim, amphibious, 8 rings, constrict 8, camouflage
1, gelatinous body 1
a: Potion Petition, Call Merchant, Bribe Branch, Renounce Religion


You were on level 8 of the Dungeon.
You worshipped Gozag.
Gozag was pleased with you.
You were full.

You visited 2 branches of the dungeon, and saw 9 of its levels.

You collected 872 gold pieces.
You paid 114 gold pieces to Gozag.

Inventory:

Hand Weapons
 g - a -2 whip
 r - a +3 quarterstaff of chaos (weapon)
Armour
 a - a +0 hat (worn)
 s - a +0 cloak
Jewellery
 e - an uncursed amulet of inaccuracy
 f - an amulet of magic regeneration (around mantle)
 E - a +3 ring of strength (left tentacle)
 J - the ring of Syxunk (right tentacle) {rC+ MR+ MP+9 Dex+3}
   (You found it on level 8 of the Dungeon)

   [ring of dexterity]

   It affects your dexterity (+3).
   It protects you from cold.
   It affects your resistance to hostile enchantments.
   It affects your magic capacity (+9).
Wands
 p - a wand of iceblast (29)
 y - a wand of paralysis (9)
Scrolls
 h - 4 scrolls of teleportation
 i - a scroll of blinking {unknown}
 n - a scroll of remove curse
 u - a scroll of enchant armour {unknown}
 w - a scroll of noise {unknown}
 B - a scroll of fog {unknown}
 D - 2 scrolls of amnesia
 F - 2 scrolls of fear {unknown}
 H - a scroll of immolation {unknown}
 I - 3 scrolls of holy word {unknown}
Potions
 d - a potion of magic {unknown}
 j - a potion of lignification {unknown}
 k - a potion of heal wounds {unknown}
 l - a potion of mutation
 m - 2 potions of flight
 o - a potion of degeneration
 q - a potion of brilliance
 t - 3 potions of ambrosia
 x - 2 potions of haste
 z - a potion of agility {unknown}
 A - a potion of resistance {unknown}
 C - a potion of berserk rage
Books
 b - a book of Minor Magic

   Spells                             Type                      Level
   a - Magic Dart                     Conjuration                  1
   b - Blink                          Translocation                2
   c - Call Imp                       Summoning                    2
   d - Slow                           Hexes                        2
   e - Conjure Flame                  Conjuration/Fire             3
   f - Mephitic Cloud                 Conjuration/Poison/Air       3
Comestibles
 c - 3 rations


   Skills:
 + Level 5.2 Fighting
 + Level 9.2 Staves
 - Level 2.0 Dodging
 - Level 5.7 Stealth
 - Level 3.0 Spellcasting
 - Level 4.5 Conjurations
 - Level 1.0 Summonings
 - Level 1.0 Translocations


You had 9 spell levels left.
You knew the following spells:

 Your Spells              Type           Power        Failure   Level  Hunger
a - Magic Dart            Conj           ###.         1%          1    None
b - Blink                 Tloc           N/A          12%         2    ##.....
c - Call Imp              Summ           #.......     12%         2    ##.....


Dungeon Overview and Level Annotations

Branches:
Dungeon (8/15)             Temple (1/1) D:5
   Lair: D:8-11

Altars:
Ashenzari
Cheibriados
Elyvilon
Fedhas
Gozag
Hepliaklqana
Kikubaaqudgha
Makhleb
Nemelex Xobeh
Okawaru
Qazlal
Ru
Trog
Vehumet
Wu Jian
Xom
Yredelemnul
The Shining One

Annotations:
D:3 Grinder, Sigmund
D:6 azzavlup's ghost, novice VSAr
D:8 exclusion: two-headed ogre


Innate Abilities, Weirdness & Mutations

You cannot wear most types of armour.
You are very stealthy in the water. (Stealth+)
You are amphibious.
You can wear up to eight rings at the same time.
You can use your tentacles to constrict eight enemies at once.
Your skin changes colour to match your surroundings (Stealth+).
Your rubbery body absorbs attacks. (AC +1, EV +1)


Message History

Your white imp freezes the yak.
Something gores you!
* * * LOW HITPOINT WARNING * * *
You are very lightly contaminated with residual magic.
It was a potion of berserk rage.
A red film seems to cover your vision as you go berserk!
You feel yourself moving faster!
You feel mighty! The yak barely misses your white imp.
Your white imp hits the yak.
Your white imp freezes the yak.
Something gores you.
* * * LOW HITPOINT WARNING * * *
You closely miss something. You squeeze something. You barely miss something.
Something gores you.
* * * LOW HITPOINT WARNING * * *
Your white imp barely misses the yak.
The yak gores your white imp but does no damage.
You barely miss something. You squeeze something! The yak gores your white imp!
You closely miss something.
Your white imp hits the yak but does no damage.
Something gores you!
You die...
Your body crumbles into a pile of gold.

###.........
##........ #(#
##..##### #..#
#..## #..#
#...#### #..###
#.......
#...###....... ###
#....<.###### #@##
#....###
##{###....#
#Y5Y....##
##YY...## ##...##
##..## ####
####....# ####...
#.......## #....##
##..#....####...##


You could see 4 yaks and a friendly white imp.

Vanquished Creatures
  A hungry ghost (D:7)
  Edmund (D:6)
  A water moccasin (D:7)
  An orc warrior (D:6)
  An ice beast (D:6)
  A sky beast (D:8)
  2 black bears
  2 centaurs
  A big kobold (D:8)
  4 bullfrogs
  2 scorpions
  A killer bee (shapeshifter) (D:4)
  A howler monkey (D:8)
  A centaur zombie (D:7)
  2 hounds
  A quasit (D:7)
  A centaur skeleton (D:5)
  2 orc priests
  3 orc wizards
  Ijyb (D:3)
  Natasha (twice) (D:4)
  7 worker ants
  6 adders
  A shadow imp (D:5)
  An adder zombie (D:5)
  An adder skeleton (D:6)
  2 worms (D:5)
  3 dart slugs (D:1)
  6 leopard geckos
  16 orcs
  2 bats
  4 giant cockroaches
  3 goblins
  6 hobgoblins
  6 jackals
  2 quokkas
  A ball python (D:1)
  6 frilled lizards
  5 kobolds
  A quokka skeleton (D:6)
  A quokka zombie (D:6)
  8 rats
120 creatures vanquished.

Vanquished Creatures (collateral kills)
  Crazy Yiuf (D:4)
  4 kobolds (D:8)
5 creatures vanquished.

Vanquished Creatures (others)
  An orc warrior (D:6)
1 creature vanquished.

Grand Total: 126 creatures vanquished

Notes
Turn   | Place    | Note
-------+----------+-------------------------------------------
     0 | D:1      | inc the Octopode Wizard began the quest for the Orb.
     0 | D:1      | Reached XP level 1. HP: 11/11 MP: 4/4
   468 | D:1      | Reached XP level 2. HP: 17/17 MP: 4/6
  1200 | D:1      | Reached XP level 3. HP: 18/21 MP: 3/7
  1669 | D:2      | Found an iron altar of Okawaru.
  2325 | D:3      | Noticed Grinder
  2325 | D:3      | Noticed a bullfrog
  2341 | D:2      | Killed a bullfrog
  2341 | D:2      | Reached XP level 4. HP: 6/27 MP: 4/8
  2614 | D:3      | Noticed a two-headed ogre
  2655 | D:3      | Noticed Sigmund
  2795 | D:3      | Found a faded altar of an unknown god.
  2820 | D:3      | Reached XP level 5. HP: 24/32 MP: 5/9
  3247 | D:3      | Reached skill level 1 in Fighting
  3342 | D:3      | Learned a level 2 spell: Blink
  3584 | D:4      | Found a runed door.
  3590 | D:4      | Learned a level 2 spell: Call Imp
  3591 | D:4      | Noticed Crazy Yiuf
  3600 | D:4      | Killed Crazy Yiuf
  3842 | D:3      | Noticed Ijyb
  3960 | D:3      | Killed Ijyb
  3997 | D:3      | Reached XP level 6. HP: 39/41 MP: 10/10
  4618 | D:4      | Found a sacrificial altar of Ru.
  4682 | D:4      | Found a bloodstained altar of Trog.
  4713 | D:4      | Noticed Natasha
  4719 | D:4      | Killed Natasha
  4789 | D:4      | Noticed Natasha
  4795 | D:4      | Killed Natasha
  4973 | D:5      | Entered Level 5 of the Dungeon
  5027 | D:6      | Reached skill level 5 in Stealth
  5036 | D:6      | Found a blossoming altar of Fedhas.
  5070 | D:6      | Noticed Edmund
  5213 | D:5      | Reached XP level 7. HP: 45/47 MP: 11/11
  5439 | D:5      | Found a staircase to the Ecumenical Temple.
  5499 | Temple   | Entered the Ecumenical Temple
  5688 | Temple   | Became a worshipper of Gozag Ym Sagoz the Greedy
  5849 | D:5      | HP: 2/48 [centaur (5)]
  5850 | D:5      | Reached skill level 1 in Staves
  6143 | D:5      | Reached skill level 2 in Staves
  6504 | D:6      | Reached skill level 3 in Staves
  6527 | D:6      | Killed Edmund
  6527 | D:6      | Reached skill level 4 in Staves
  6726 | D:6      | Reached XP level 8. HP: 45/54 MP: 12/12
  6979 | D:6      | Noticed azzavlup's ghost (novice VSAr)
  7033 | D:7      | Reached skill level 5 in Staves
  7441 | D:7      | Reached skill level 6 in Staves
  7576 | D:7      | Noticed a two-headed ogre
  7645 | D:7      | Reached skill level 7 in Staves
  7930 | D:6      | Found a shattered altar of Ashenzari.
  8199 | D:6      | Reached skill level 8 in Staves
  8199 | D:6      | Reached XP level 9. HP: 18/58 MP: 13/13
  9074 | D:8      | Got a glittering glass ring
  9076 | D:8      | Identified the ring of Syxunk {rC+ MR+ MP+9 Dex+3} (You found it on level 8 of the Dungeon)
  9104 | D:8      | Reached skill level 9 in Staves
  9833 | D:8      | Reached skill level 5 in Fighting
  9853 | D:8      | Noticed a two-headed ogre
 10320 | D:8      | Mangled by a yak

Skill      XL: |  1  2  3  4  5  6  7  8  9 |
---------------+----------------------------+-----
Conjurations   | 2 4 |  4.5
Fighting       | 2 3 4 5 |  5.2
Stealth        | 3 5 |  5.7
Staves         | 4 8 9 |  9.2
Dodging        | |  2.0
Spellcasting   | |  3.0
Summonings     | |  1.0
Translocations | |  1.0

Action                   |  1- 3 |  4- 6 |  7- 9 || total
-------------------------+-------+-------+-------++-------
Melee: Unarmed           |     7 |       |       ||     7
       Constrict         |     2 |    11 |    19 ||    32
       Tentacles         |     1 |     6 |    18 ||    25
       Quarterstaff      |       |    34 |   137 ||   171
 Cast: Magic Dart        |    67 |    62 |   117 ||   246
       Call Imp          |       |     2 |     3 ||     5
       Blink             |       |       |     5 ||     5
  Use: Scroll            |     2 |     5 |     6 ||    13
       Potion            |       |     1 |     5 ||     6
 Stab: Sleeping          |       |     1 |     8 ||     9
       Invisible         |       |       |     1 ||     1
       Petrifying        |       |       |     1 ||     1
  Eat: Chunk             |     4 |     2 |     2 ||     8
       Ration            |       |     2 |     7 ||     9
Armor: Skin              |       |     1 |     8 ||     9
Dodge: Dodged            |    12 |    31 |    90 ||   133
